 Dungeon Crawl Stone Soup version 0.26-a0-451-gacbe401039 (webtiles) character file.

Game seed: 10184752062038507634

921 ReteAZ the Grappler (level 7, -5/66 HPs)
             Began as a Troll Fighter on July 28, 2020.
             Slain by a killer bee (6 damage)
             ... on level 5 of the Dungeon.
             The game lasted 00:04:32 (3382 turns).

ReteAZ the Grappler (Troll Fighter)                 Turns: 3382, Time: 00:04:32

Health: -5/66      AC:  7    Str: 24 (25) XL:     7   Next: 84%
Magic:  6/6        EV:  7    Int:  3 (6)  God:
Gold:   331        SH:  8    Dex:  6 (9)  Spells: 6/6 levels left

rFire    . . .     SeeInvis .     - Unarmed
rCold    . . .     Faith    .   b - +0 kite shield
rNeg     + . .     Spirit   .   n - +1 robe {rN+}
rPois    .         Reflect  .   (helmet restricted)
rElec    .         Harm     .   (no cloak)
rCorr    .                      (gloves unavailable)
MR       .....                  (boots unavailable)
Stlth    +.........             (no amulet)
HPRegen  0.61/turn              (no ring)
MPRegen  0.10/turn              (no ring)

@: mighty, lethally poisoned (-5 -> -7), stab, flying
A: large, unfitting armour, claws 3, regeneration 1, shaggy fur 1, tough skin 3
a: no special abilities


You were on level 5 of the Dungeon.
You visited 1 branch of the dungeon, and saw 5 of its levels.

You collected 331 gold pieces.

Inventory:

Missiles
 k - 4 boomerangs (quivered)
Armour
 a - a +0 robe
 b - a +0 kite shield (worn)
 n - a +1 robe of positive energy (worn)
Jewellery
 m - an uncursed ring of protection from magic {unknown}
 r - a cursed ring of teleportation {unknown}
 u - an uncursed ring of wizardry {unknown}
Scrolls
 d - 4 scrolls of enchant armour {unknown}
 e - 4 scrolls of identify {unknown}
 h - 3 scrolls of teleportation {unknown}
 l - 3 scrolls of remove curse {unknown}
 s - a scroll of magic mapping {unknown}
 t - a scroll of amnesia {unknown}
 v - a scroll of immolation {unknown}
Potions
 f - 2 potions of degeneration
 g - a potion of haste {unknown}
 i - 3 potions of flight
 o - a potion of mutation {unknown}
 p - a potion of curing
 q - a potion of stabbing


   Skills:
 + Level 2.5 Fighting
 - Level 2.4 Dodging
 + Level 2.5 Shields
 * Level 9.2 Unarmed Combat


You had 6 spell levels left.
You didn't know any spells.
Your spell library contained the following spells:

 Spells                   Type           Power        Failure   Level
 Summon Small Mammal      Summ           #...         94%         1
 Call Imp                 Summ           #.......     98%         2
 Call Canine Familiar     Summ           #.......     100%        3
 Summon Guardian Golem    Hex/Summ       #.......     100%        3
 Summon Ice Beast         Ice/Summ       #.......     100%        4
 Summon Lightning Spire   Summ/Air       #.......     100%        4


Dungeon Overview and Level Annotations

Branches:
Dungeon (5/15)
 Temple: D:4-7

Altars:
Uskayaw

Shops:
D:4 (


Innate Abilities, Weirdness & Mutations

You are too large for most types of armour.
You have claws for hands.
Your natural rate of healing is unusually fast.
You are covered in fur. (AC +1)
You have extremely tough skin. (AC +3)


Message History

The killer bee stings you but does no damage.
You block the killer bee's attack.
You miss the killer bee. You block the killer bee's attack.
The killer bee stings you but does no damage.
The killer bee stings you.
* * * LOW HITPOINT WARNING * * *
You barely miss the killer bee.
You feel sick. You block the killer bee's attack. The killer bee stings you.
* * * LOW HITPOINT WARNING * * *
The killer bee stings you but does no damage.
The killer bee barely misses you.
You completely miss the killer bee.
You feel sick.
The killer bee stings you but does no damage.
The killer bee stings you.
* * * LOW HITPOINT WARNING * * *
The killer bee stings you.
* * * LOW HITPOINT WARNING * * *
You are lethally poisoned!
The killer bee poisons you! The killer bee stings you.
You die...

#########...##.........##.#..#..#
#.....##......###.#.#.##.
#......#......# #...#.# #
#.............###.....#y. ##
##.#....................
.#######.##.....รท...####.....#
.........##.........# #...#
#.........#.....yy..# ##.##
###.##....#.....@#..## #.#
#####.........##.y.## +#.#+
####..........###...###...###.
###.......................8y.....
#...#.##..............###...###..
...#####.............## +#.#+
..## ##............## #.# .##
##..#..........# #.#
.#####..#...........# ...


You could see 2 killer bees.

Vanquished Creatures
  Grinder (D:5)
  A centaur (D:5)
  A bullfrog (D:3)
  Blork the orc (D:5)
  A killer bee (D:5)
  A howler monkey (D:4)
  An orc priest (D:5)
  A hound (D:5)
  A bullfrog skeleton (D:5)
  An iguana (D:4)
  An orc wizard (D:4)
  5 worker ants
  A howler monkey zombie (D:5)
  4 adders
  An ooze (D:3)
  An adder skeleton (D:4)
  A worm (D:2)
  4 dart slugs (D:1)
  4 leopard geckos
  13 orcs
  11 giant cockroaches
  8 hobgoblins
  8 kobolds
  3 quokkas (D:2)
  A ball python (D:2)
  A ball python zombie (D:5)
  6 bats
  6 frilled lizards
  9 goblins
  8 rats
106 creatures vanquished.

Notes
Turn   | Place    | Note
-------+----------+-------------------------------------------
     0 | D:1      | ReteAZ the Troll Fighter began the quest for the Orb.
     0 | D:1      | Reached XP level 1. HP: 22/22 MP: 0/0
    93 | D:1      | Reached XP level 2. HP: 22/29 MP: 1/1
   165 | D:1      | Reached skill level 3 in Unarmed Combat
   351 | D:1      | Reached XP level 3. HP: 34/36 MP: 2/2
   977 | D:2      | Reached skill level 4 in Unarmed Combat
  1517 | D:3      | Reached XP level 4. HP: 44/44 MP: 3/3
  1804 | D:3      | Noticed a bullfrog
  1810 | D:3      | Killed a bullfrog
  1810 | D:3      | Reached skill level 5 in Unarmed Combat
  1810 | D:3      | Reached XP level 5. HP: 40/50 MP: 4/4
  2153 | D:4      | Reached skill level 6 in Unarmed Combat
  2302 | D:4      | Found Huutwaunn's Weapon Shop.
  2324 | D:4      | Reached XP level 6. HP: 46/59 MP: 5/5
  2680 | D:5      | Entered Level 5 of the Dungeon
  2690 | D:5      | Noticed Blork the orc
  2709 | D:5      | Killed Blork the orc
  2712 | D:5      | Reached skill level 7 in Unarmed Combat
  2834 | D:5      | Reached XP level 7. HP: 57/66 MP: 6/6
  3003 | D:5      | Reached skill level 8 in Unarmed Combat
  3019 | D:5      | Found a hide-covered altar of Uskayaw.
  3128 | D:5      | Noticed Grinder
  3164 | D:5      | Killed Grinder
  3164 | D:5      | Reached skill level 9 in Unarmed Combat
  3377 | D:5      | HP: 3/66 [killer bee (10)]
  3382 | D:5      | HP: 1/66 [killer bee (4)]
  3382 | D:5      | Slain by a killer bee

Illustrated notes

Levels and vault maps discovered:
D:1:      nicolae_arrival_washed_ashore, layout_loops_cross
D:2:      layout_basic
D:3:      layout_loops_ring, minmay_distorted
D:4:      layout_basic, serial_shops, shop
D:5:      cheibrodos_barr_body, layout_layer_cave,
          eat_drink_and_be_merry_uskayaw, uniq_grinder, uniq_blork_the_orc

Skill      XL: |  1  2  3  4  5  6  7 |
---------------+----------------------+-----
Unarmed Combat | 3 4 5 6 7 9 |  9.2
Fighting       | |  2.5
Dodging        | |  2.4
Shields        | |  2.5

Action                   |  1- 3 |  4- 6 |  7- 9 || total
-------------------------+-------+-------+-------++-------
Melee: Unarmed           |   152 |   105 |    43 ||   300
Throw: Boomerang         |       |       |     2 ||     2
  Use: Potion            |       |     1 |     7 ||     8
Armor: Robe              |    59 |    19 |    19 ||    97
Dodge: Dodged            |    52 |    34 |    14 ||   100
Block: Kite shield       |    52 |    39 |    24 ||   115

Table legend: (Time is in decaauts)
 A = Elapsed time spent in this place.
 B = Non-inter-level travel time spent in this place.
 C = Inter-level travel time spent in this place.
 D = Time resting spent in this place.
 E = Time spent auto-exploring this place.
 F = Levels seen in this place.
 G = Mean time per level.
                   A        B        C        D        E       F      G
               +--------+--------+--------+--------+--------+-----+--------+
         Total |   3377 |   3265 |    112 |     86 |   2487 |   5 |  675.4 |
       Dungeon |   3377 |   3265 |    112 |     86 |   2487 |   5 |  675.4 |
               +--------+--------+--------+--------+--------+-----+--------+

Top non-repeatable levels by time:
     D:1: 764 daAuts
     D:2: 705 daAuts
     D:5: 699 daAuts
     D:4: 662 daAuts
     D:3: 546 daAuts
